 Dungeon Crawl Stone Soup version 0.28-a0-94-g325244837d (webtiles) character file.

Game seed: 5745703698029775079

164 Argons the Cutter (level 5, 0/29 HPs)
             Began as a Deep Elf Gladiator on Aug 7, 2021.
             Slain by a kobold (4 damage)
             ... in a sewer.
             The game lasted 00:20:05 (3606 turns).

Argons the Cutter (Deep Elf Gladiator)              Turns: 3606, Time: 00:20:06

Health: 0/29       AC:  4    Str: 17    XL:     5   Next: 21%
Magic:  7/7        EV: 13    Int: 13    God:
Gold:   106        SH:  0    Dex: 17    Spells: 4/4 levels left

rFire   . . .      SeeInvis .   a - +0 rapier
rCold   . . .      Faith    .   (no shield)
rNeg    + . .      Spirit   .   b - +0 leather armour
rPois   .          Reflect  .   j - +0 helmet
rElec   .          Harm     .   (no cloak)
rCorr   .          Rampage  .   (no gloves)
Will    .....                   (no boots)
Stlth   +++.......              (no amulet)
HPRegen 0.09/turn               h - +6 ring of strength
MPRegen 0.10/turn               k - ring of positive energy

@: no status effects
A: no striking features
a: no special abilities


You were in a sewer.
You visited 1 branch of the dungeon, and saw 4 of its levels.
You also visited: Sewer.

You collected 106 gold pieces.

Inventory:

Hand Weapons
 a - a +0 rapier (weapon)
Missiles
 d - 3 throwing nets
 e - 7 javelins (quivered)
Armour
 b - a +0 leather armour (worn)
 c - a +0 helmet
 j - a +0 helmet (worn)
Jewellery
 h - a +6 ring of strength (left hand)
 k - a ring of positive energy (right hand)
 o - an amulet of faith
Wands
 n - a wand of paralysis (7)
Scrolls
 i - a scroll of identify
 m - a scroll of teleportation
 p - a scroll of brand weapon {unknown}
Potions
 f - a potion of mutation
 l - 2 potions of brilliance


   Skills:
 - Level 1.5 Fighting
 + Level 4.7 Short Blades
 - Level 2.0 Throwing
 - Level 3.6 Dodging
 + Level 4.5 Stealth


You had 4 spell levels left.
You didn't know any spells.
Your spell library was empty.

Dungeon Overview and Level Annotations

Branches:
Dungeon (4/15)              Sewer (1/1)
 Temple: D:4-7

Altars:
Ashenzari
Vehumet

Annotations:
D:3 Terence


Message History

The kobold brigand closely misses you.
You hit the kobold brigand but do no damage.
The kobold brigand is moderately wounded.
The kobold brigand barely misses you.
You hit the kobold brigand but do no damage.
The kobold brigand is moderately wounded.
The kobold brigand completely misses you.
The kobold splashes around in the water.
You closely miss the kobold brigand.
The kobold brigand is moderately wounded.
The kobold brigand hits you with a +0 dagger.
The kobold closely misses you.
You closely miss the kobold brigand.
The kobold brigand is moderately wounded.
The kobold brigand splashes around in the water.
The kobold splashes around in the water.
You closely miss the kobold brigand.
The kobold brigand is moderately wounded.
The kobold brigand barely misses you. The kobold closely misses you.
You closely miss the kobold brigand.
The kobold brigand is moderately wounded.
The kobold brigand hits you with a +0 dagger.
The kobold hits you with a +0 short sword.
You barely miss the kobold brigand.
The kobold brigand is moderately wounded.
The kobold brigand closely misses you. The kobold hits you but does no damage.
You hit the kobold brigand.
The kobold brigand is moderately wounded.
The kobold brigand completely misses you.
The kobold hits you with a +0 short sword.
You hit the kobold brigand but do no damage.
The kobold brigand is moderately wounded.
The kobold brigand hits you with a +0 dagger.
The kobold hits you but does no damage.
You hit the kobold brigand but do no damage.
The kobold brigand is moderately wounded.
The kobold brigand hits you with a +0 dagger!
* * * LOW HITPOINT WARNING * * *
The kobold hits you with a +0 short sword.
You die...

#≈# #≈# #≈# #≈# #≈# #≈# #≈#
##≈#########
#######.≈@K≈≈≈...#
#######.....≈≈≈≈K≈≈≈≈.≈#
#≈≈≈≈≈≈≈≈≈≈≈≈≈≈≈≈≈≈≈≈≈.#
≈≈≈≈≈≈≈≈≈≈≈≈≈≈≈≈≈≈≈≈≈≈≈≈...
###≈≈≈≈≈≈≈≈≈≈≈≈≈≈≈≈≈≈≈≈.#K.
######.....≈..≈≈≈≈≈≈..# .
###.###..≈...≈≈..# #∩#
############ ###


You could see a kobold brigand and a kobold.

Vanquished Creatures
  Jessica (D:2)
  6 adders
  2 river rats
  An adder skeleton (D:4)
  A worm (D:3)
  A dart slug (D:1)
  6 endoplasms
  3 giant cockroaches
  3 goblins
  6 hobgoblins
  7 jackals
  2 kobolds (D:1)
  3 quokkas
  7 ball pythons
  2 bats
  4 frilled lizards
  5 rats
60 creatures vanquished.

Notes
Turn   | Place    | Note
-------+----------+-------------------------------------------
     0 | D:1      | Argons the Deep Elf Gladiator began the quest for the Orb.
     0 | D:1      | Reached XP level 1. HP: 12/12 MP: 3/3
   188 | D:1      | Found a faded altar of an unknown god.
   209 | D:1      | Reached skill level 1 in Stealth
   407 | D:1      | Reached XP level 2. HP: 12/16 MP: 4/4
   875 | D:2      | Reached XP level 3. HP: 16/20 MP: 5/5
  1611 | D:2      | Noticed Jessica
  1616 | D:2      | Killed Jessica
  1617 | D:2      | Reached XP level 4. HP: 25/25 MP: 6/6
  1948 | D:3      | Noticed Terence
  2357 | D:3      | Found a radiant altar of Vehumet.
  2887 | D:4      | Found a broken altar of Ashenzari.
  3211 | D:4      | Reached XP level 5. HP: 10/29 MP: 7/7
  3393 | D:4      | Found a glowing drain.
  3400 | Sewer    | Entered a sewer
  3606 | Sewer    | Slain by a kobold

Illustrated notes

Levels and vault maps discovered:
D:1:      minmay_arrival_three_doors, layout_rooms, basic_ecumenical_altar
D:2:      layout_loops_corners, uniq_jessica
D:3:      layout_rooms, fiery_altar_vehumet, uniq_terence
D:4:      layout_basic, amcnicky_altar_gilded,
          mainiacjoe_overflow_surrounded_room, cheibrodos_ashenzari_chains,
          minmay_temple_entry_proselytizer, lightli_sewer_entry_pipes
Sewer:    sewer_kobolds

Skill      XL: |  1  2  3  4 |
---------------+-------------+-----
Stealth        | 1 2 3 4 |  4.5
Short Blades   | 4 |  4.7
Fighting       | |  1.5
Throwing       | |  2.0
Dodging        | |  3.6

Action                   |  1- 3 |  4- 6 || total
-------------------------+-------+-------++-------
Melee: Rapier            |    84 |   132 ||   216
Throw: Javelin           |       |     1 ||     1
  Use: Scroll            |     3 |     2 ||     5
       Potion            |       |     1 ||     1
 Stab: Sleeping          |     4 |     5 ||     9
Armor: Leather armour    |    14 |    24 ||    38
Dodge: Dodged            |    48 |    77 ||   125

Table legend: (Time is in decaauts)
 A = Elapsed time spent in this place.
 B = Non-inter-level travel time spent in this place.
 C = Inter-level travel time spent in this place.
 D = Time resting spent in this place.
 E = Time spent auto-exploring this place.
 F = Levels seen in this place.
 G = Mean time per level.
                   A        B        C        D        E       F      G
               +--------+--------+--------+--------+--------+-----+--------+
         Total |   3639 |   3417 |    222 |   1466 |     80 |   5 |  727.8 |
       Dungeon |   3413 |   3191 |    222 |   1369 |     80 |   4 |  853.2 |
         Sewer |    226 |    226 |      0 |     97 |      0 |   1 |  226.0 |
               +--------+--------+--------+--------+--------+-----+--------+

Top non-repeatable levels by time:
     D:2: 1309 daAuts
     D:1: 838 daAuts
     D:3: 643 daAuts
     D:4: 621 daAuts
   Sewer: 226 daAuts
